 Dungeon Crawl Stone Soup version 0.20.0-8-g6b59dc7 (webtiles) character file.

20715 McKennaii the Carver (level 12, -5/96 HPs)
             Began as a Demonspawn Abyssal Knight on May 31, 2017.
             Was a High Priest of Lugonu.
             Slain by a deep troll (14 damage)
             ... on level 13 of the Dungeon.
             The game lasted 00:42:16 (17240 turns).

McKennaii the Carver (Demonspawn Abyssal Knight)   Turns: 17240, Time: 00:42:18

Health: -5/96      AC: 17    Str: 20    XL:     12   Next: 47%
Magic:  14/14      EV: 12    Int: 13    God:    Lugonu [*****.]
Gold:   555        SH:  4    Dex: 14    Spells: 11/11 levels left

rFire    + . .     SeeInvis .   x - +4 scimitar
rCold    . . .     Gourm    .   P - +0 buckler
rNeg     + + +     Faith    .   L - +3 scale mail "Boafuffu" {rN+++ rCorr Dex-4}
rPois    .         Spirit   .   Q - +0 helmet
rElec    .         Reflect  .   (no cloak)
rCorr    +         Harm     .   p - +0 pair of gloves
MR       .....                  (no boots)
Stlth    +.........             (no amulet)
Regen    0.3/turn               d - +2 ring of strength
MPRegen  0.2/turn               K - ring of protection from fire

@: mighty
A: hooves 1, icy blue scales 2, demonic guardian 2, powered by pain 1
a: Depart the Abyss, Bend Space, Banish, Corrupt, Enter the Abyss, Renounce
Religion


You were on level 13 of the Dungeon.
You worshipped Lugonu.
Lugonu was extremely pleased with you.
You were not hungry.

You visited 1 branch of the dungeon, and saw 13 of its levels.
You visited the Abyss 2 times.

You collected 599 gold pieces.
You spent 44 gold pieces at shops.

Inventory:

Hand Weapons
 x - a +4 scimitar (weapon)
Armour
 p - a +0 pair of gloves (worn)
 L - the +3 scale mail "Boafuffu" (worn) {rN+++ rCorr Dex-4}
   (You found it on level 9 of the Dungeon)

   It affects your dexterity (-4).
   It renders you almost immune to negative energy.
   It protects you from acid and corrosion.
 P - a +0 buckler (worn)
 Q - a +0 helmet (worn)
Jewellery
 d - a +2 ring of strength (left hand)
 B - an uncursed ring of positive energy
 K - a ring of protection from fire (right hand)
Wands
 z - a wand of paralysis (4/24)
 D - a wand of digging (19/24)
 H - a wand of flame (24/48)
Scrolls
 b - 3 scrolls of enchant weapon
 e - 4 scrolls of teleportation
 f - 5 scrolls of identify
 h - 3 scrolls of amnesia {unknown}
 n - a scroll of magic mapping {unknown}
 q - 6 scrolls of remove curse
 r - 2 scrolls of random uselessness {unknown}
 s - a scroll of blinking {unknown}
 v - 5 scrolls of recharging
 C - 2 scrolls of enchant armour {unknown}
 F - 2 scrolls of noise {unknown}
 N - a scroll of fog {unknown}
Potions
 a - 2 potions of mutation {unknown}
 g - 2 potions of brilliance
 i - 3 potions of flight
 k - 2 potions of lignification
 l - 2 potions of agility
 o - 2 potions of curing
 t - 3 potions of magic
 w - 2 potions of berserk rage
 E - 2 potions of invisibility
 G - a potion of haste {unknown}
 I - 3 potions of cancellation {unknown}
 R - a potion of ambrosia {unknown}
Books
 y - a book of Enchantments

   Spells                             Type                      Level
   a - Cause Fear                     Hexes                        4
   b - Yara's Violent Unravelling     Hexes/Transmutation          5
   c - Silence                        Hexes/Air                    5
   d - Deflect Missiles               Charms/Air                   6
   e - Discord                        Hexes                        8
 J - a book of Frost

   Spells                             Type                      Level
   a - Freeze                         Ice                          1
   b - Throw Frost                    Conjuration/Ice              2
   c - Ozocubu's Armour               Charms/Ice                   3
   d - Throw Icicle                   Conjuration/Ice              4
   e - Summon Ice Beast               Ice/Summoning                4
 T - a book of Conjurations

   Spells                             Type                      Level
   a - Magic Dart                     Conjuration                  1
   b - Searing Ray                    Conjuration                  2
   c - Dazzling Spray                 Conjuration/Hexes            3
   d - Fulminant Prism                Conjuration/Hexes            4
   e - Force Lance                    Conjuration/Translocation    4
   f - Iskenderun's Mystic Blast      Conjuration                  4
Comestibles
 c - 7 bread rations
 j - 5 royal jellies
 m - 33 fruits
 u - 7 meat rations
 A - 5 chunks of flesh


   Skills:
 + Level 9.6 Fighting
 + Level 12.9 Long Blades
 + Level 9.2 Armour
 + Level 5.8 Dodging
 + Level 2.4 Stealth
 + Level 1.4 Shields
 + Level 3.2 Invocations
 + Level 2.0 Evocations


You had 11 spell levels left.
You didn't know any spells.

Dungeon Overview and Level Annotations

Branches:
Dungeon (13/15)            Temple (0/1) D:5            Lair (0/6) D:8
    Orc (0/2) D:11
 Vaults: D:13-14

Altars:
Dithmenos
Sif Muna
Zin
The Shining One

Shops:
D:4 (:!   D:6 (}*


Innate Abilities, Weirdness & Mutations

You have large cloven feet.
You are mostly covered in icy blue scales. (AC +3)
A demonic guardian rushes to your aid.
You sometimes gain a little power by taking damage.


Message History

The deep troll bites you!
You focus on the pain.
You feel very mighty all of a sudden. You block the deep troll's attack. x2
You slash the deep troll! You kick the deep troll!
The deep troll is heavily wounded.
The deep troll bites you!
The deep troll claws you but does no damage. x2
You slash the deep troll! Your kick misses the deep troll.
The deep troll is severely wounded.
The deep troll bites you.
The deep troll claws you but does no damage.
The deep troll claws you.
You slash the deep troll! Your kick misses the deep troll.
The deep troll is almost dead.
The deep troll bites you!
* * * LOW HITPOINT WARNING * * *
The deep troll claws you.
* * * LOW HITPOINT WARNING * * *
The deep troll claws you!
You die...

###.......''#....... '...
###...........###.## #...
#..######.#.# ..# #... #..#
#.#.# #.#######.. #..# #...#
#.#... .. #..# #...####...#
.. #..# #5...(.....# #..#
#T#.†......#
#..#.####@#(...)...##
#####.#.....4#).(())...#
#.....#......#)####)#..#
#.....########)# #)#...##
#..............# #.# ....
#..............# #.. ...##
#......≈......## #..#...#
#.....§≈≈....######..##..#
#..........##............####


You could see a deep troll, a crimson imp and a friendly ice devil.

Vanquished Creatures
  The ghost of loom the Thaumaturge, a journeyman DrVM of Vehumet (D:13)
  The ghost of Cral the Nimble, a journeyman DsFE of Vehumet (D:10)
  2 two-headed ogres
  A centaur warrior (D:10)
  3 unseen horrors
  2 ugly things
  An oklob plant (D:12)
  A cyclops (D:11)
  2 trolls (D:11)
  2 hippogriffs
  A meliai zombie (D:12)
  A wraith (D:11)
  4 spriggans (D:11)
  2 wyverns (D:9)
  A human (shapeshifter) (D:13)
  2 vampire mosquitoes (D:12)
  2 hungry ghosts
  A soldier ant (D:12)
  6 ice beasts
  A phantom (D:9)
  2 hell hounds
  3 orc warriors
  An eye of draining (D:8)
  5 sky beasts
  2 black bears
  3 ogres
  The ghost of McKennaii the Skirmisher, an amateur DsAK of Lugonu (D:3)
  13 centaurs
  A crocodile (D:12)
  2 gnoll sergeants (D:9)
  A big kobold (D:13)
  2 bullfrogs
  A wyvern skeleton (D:11)
  2 scorpions
  6 killer bees (D:12)
  27 wights
  An electric eel (D:9)
  6 howler monkeys
  4 crimson imps
  A quasit (D:10)
  11 hounds
  2 centaur skeletons
  4 orc priests
  6 orc wizards
  3 gnoll shamans (D:9)
  A bullfrog skeleton (D:11)
  2 iguanas
  10 worker ants
  Natasha (thrice) (D:3)
  A hound zombie (D:5)
  A hound skeleton (D:7)
  5 worker ant zombies
  27 gnolls
  15 adders
  2 howler monkey skeletons
  4 shadow imps
  An ooze (D:1)
  4 adder zombies
  3 adder skeletons
  4 worms
  A dart slug (D:2)
  6 leopard geckos
  24 orcs
  A ball python (D:2)
  3 giant cockroaches
  5 goblins
  8 hobgoblins
  15 jackals
  8 kobolds
  2 quokkas
  7 bats
  9 frilled lizards
  A jackal skeleton (D:3)
  2 leopard gecko skeletons (D:4)
  3 leopard gecko zombies
  5 rats
330 creatures vanquished.

Vanquished Creatures (collateral kills)
  Gastronok (D:10)
  A centaur warrior (D:13)
  4 two-headed ogres
  Sonja (D:10)
  Nergalle (D:10)
  A phantasmal warrior (D:13)
  Sigmund (D:3)
  A hippogriff (D:10)
  3 spriggans (D:11)
  2 vampire mosquitoes (D:12)
  2 water moccasins
  An ice beast (D:5)
  2 ogres
  7 centaurs
  A big kobold (D:8)
  A gnoll sergeant (D:9)
  A scorpion (D:4)
  4 wights
  A crimson imp (D:5)
  A bullfrog skeleton (D:13)
  4 orc priests
  Jessica (D:3)
  2 orc wizards
  5 gnolls (D:9)
  2 adders
  An adder skeleton (D:9)
  A worm (D:3)
  A dart slug (D:3)
  A leopard gecko (D:3)
  7 orcs
  A bat (D:3)
  A giant cockroach (D:3)
  A goblin (D:3)
  A jackal (D:9)
  A frilled lizard (D:3)
  A kobold (D:3)
  A leopard gecko zombie (D:3)
69 creatures vanquished.

Grand Total: 399 creatures vanquished

Notes
Turn   | Place    | Note
-------+----------+-------------------------------------------
     0 | Abyss:1  | McKennaii the Demonspawn Abyssal Knight began the quest for the Orb.
     0 | Abyss:1  | Reached XP level 1. HP: 18/18 MP: 2/2
    21 | Abyss:1  | Found a corrupted altar of Lugonu.
    81 | Abyss:1  | Noticed a deep elf elementalist
    81 | Abyss:1  | Noticed a flying skull
    81 | Abyss:1  | Noticed a flying skull
    81 | Abyss:1  | Noticed a flying skull
    82 | Abyss:1  | Noticed an earth elemental
    82 | Abyss:1  | Noticed an earth elemental
    84 | D:1      | Escaped the Abyss
   119 | D:1      | Reached skill level 2 in Long Blades
   122 | D:1      | Reached skill level 1 in Dodging
   126 | D:1      | Gained mutation: A weak demonic guardian rushes to your aid. [demonic ancestry]
   126 | D:1      | Reached XP level 2. HP: 17/24 MP: 3/3
   277 | D:1      | Reached * piety under Lugonu
   623 | D:2      | Gained mutation: You sometimes gain a little power by taking damage. [demonic ancestry]
   623 | D:2      | Reached XP level 3. HP: 29/29 MP: 4/4
  1401 | D:3      | Noticed Jessica
  1401 | D:3      | Reached ** piety under Lugonu
  1408 | D:3      | Reached XP level 4. HP: 20/37 MP: 5/5
  1413 | D:3      | Killed Jessica
  1502 | D:3      | Noticed McKennaii's ghost (amateur DsAK)
  1523 | D:3      | Killed McKennaii's ghost
  1523 | D:3      | Reached skill level 3 in Long Blades
  1523 | D:3      | Gained mutation: You are partially covered in icy blue scales. (AC +2) [demonic ancestry]
  1523 | D:3      | Reached XP level 5. HP: 6/42 MP: 6/6
  1937 | D:3      | Noticed Natasha
  1950 | D:3      | Killed Natasha
  1991 | D:3      | Noticed Natasha
  2000 | D:3      | Killed Natasha
  2000 | D:3      | Reached skill level 1 in Stealth
  2208 | D:3      | Noticed Sigmund
  2281 | D:3      | Killed Sigmund
  2281 | D:3      | Gained mutation: You are mostly covered in icy blue scales. (AC +3) [demonic ancestry]
  2281 | D:3      | Reached XP level 6. HP: 27/48 MP: 7/7
  2474 | D:3      | Noticed Natasha
  2481 | D:3      | Killed Natasha
  2490 | D:3      | Reached skill level 4 in Long Blades
  3005 | D:4      | Found Umyisur's Distillery.
  3012 | D:4      | Bought a potion of degeneration for 11 gold pieces
  3012 | D:4      | Bought a potion of curing for 33 gold pieces
  3117 | D:4      | Found Nishrieki's Book Shoppe.
  3183 | D:4      | Reached XP level 7. HP: 48/54 MP: 8/8
  3260 | D:4      | Found Myuroif's Antique Weapon Shoppe.
  3536 | D:4      | Reached skill level 5 in Long Blades
  3585 | D:4      | Reached *** piety under Lugonu
  3886 | D:5      | Entered Level 5 of the Dungeon
  4349 | D:5      | Found a shadowy altar of Dithmenos.
  4405 | D:5      | Found a staircase to the Ecumenical Temple.
  4770 | D:5      | Gained mutation: You have large cloven feet. [demonic ancestry]
  4770 | D:5      | Reached XP level 8. HP: 48/61 MP: 9/9
  5056 | D:6      | Found Qoixog's General Store.
  5362 | D:6      | Noticed a two-headed ogre
  5399 | D:5      | Reached skill level 6 in Long Blades
  5482 | D:6      | Reached skill level 5 in Fighting
  5517 | D:6      | Found Gatuacki's Gadget Shop.
  5589 | D:6      | Found Pirut's Weapon Shop.
  5746 | D:6      | Killed a two-headed ogre
  5746 | D:6      | Reached skill level 7 in Long Blades
  5746 | D:6      | Reached skill level 5 in Armour
  6425 | D:7      | Reached XP level 9. HP: 68/68 MP: 10/10
  6513 | D:7      | Found a deep blue altar of Sif Muna.
  6662 | D:7      | Reached **** piety under Lugonu
  6666 | D:7      | Reached skill level 8 in Long Blades
  7036 | D:7      | Found a glowing golden altar of the Shining One.
  7199 | D:8      | Found a staircase to the Lair.
  7969 | D:8      | Reached skill level 9 in Long Blades
  8398 | D:9      | Gained mutation: A demonic guardian rushes to your aid. [demonic ancestry]
  8398 | D:9      | Reached XP level 10. HP: 49/77 MP: 11/11
  8558 | D:9      | Reached ***** piety under Lugonu
  9219 | D:9      | Reached skill level 10 in Long Blades
  9477 | D:9      | Got a distressingly furry scale mail
  9488 | D:9      | Identified the +3 scale mail "Boafuffu" {rN+++ rCorr Dex-4} (You found it on level 9 of the Dungeon)
  9751 | D:10     | Entered Level 10 of the Dungeon
  9751 | D:10     | Noticed Sonja
  9751 | D:10     | Noticed Gastronok
  9875 | D:10     | Noticed Nergalle
  9876 | D:10     | Noticed Cral's ghost (journeyman DsFE)
  9888 | D:10     | Killed Nergalle
  9941 | D:10     | Killed Cral's ghost
  9956 | D:10     | Killed Gastronok
  9956 | D:10     | Reached skill level 11 in Long Blades
 10054 | D:10     | Killed Sonja
 10055 | D:10     | Reached XP level 11. HP: 46/86 MP: 13/13
 10595 | D:10     | Killed an unseen horror
 10977 | D:10     | Killed an unseen horror
 11430 | D:10     | Noticed a centaur warrior
 11441 | D:10     | Killed a centaur warrior
 11569 | D:10     | Noticed a two-headed ogre
 11576 | D:10     | Killed a two-headed ogre
 11952 | D:11     | Noticed a two-headed ogre
 11962 | D:11     | Killed a two-headed ogre
 11962 | D:11     | Reached skill level 1 in Evocations
 12295 | D:11     | Noticed a two-headed ogre
 12300 | D:11     | Killed a two-headed ogre
 12502 | D:11     | Reached skill level 5 in Dodging
 12679 | D:11     | Found a staircase to the Orcish Mines.
 12729 | D:11     | Noticed a two-headed ogre
 12774 | D:11     | Killed a two-headed ogre
 12774 | D:11     | Reached skill level 12 in Long Blades
 12808 | D:11     | Noticed a two-headed ogre
 12811 | D:11     | Killed a two-headed ogre
 12921 | D:11     | Reached ****** piety under Lugonu
 13239 | D:12     | Found a glowing silver altar of Zin.
 13763 | D:12     | Reached XP level 12. HP: 27/95 MP: 14/14
 14260 | D:12     | Escaped the Abyss
 14842 | D:12     | Reached skill level 1 in Shields
 15963 | D:13     | Noticed loom's ghost (journeyman DrVM)
 16551 | D:13     | Killed loom's ghost
 17101 | D:13     | Noticed a centaur warrior
 17107 | D:13     | Killed a centaur warrior
 17240 | D:13     | Slain by a deep troll

Skill      XL: |  1  2  3  4  5  6  7  8  9 10 11 12 |
---------------+-------------------------------------+-----
Long Blades    | 2 3 4 5 7 9 11 12 | 12.9
Dodging        | 1 2 3 4 5 |  5.8
Armour         | 2 3 4 5 6 7 8 9 |  9.2
Fighting       | 4 5 6 8 9 |  9.6
Stealth        | 1 2 |  2.4
Evocations     | 1 2 |  2.0
Invocations    | 3 |  3.2
Shields        | 1 |  1.4

Action                   |  1- 3 |  4- 6 |  7- 9 | 10-12 || total
-------------------------+-------+-------+-------+-------++-------
Melee: Falchion          |    90 |   153 |   186 |       ||   429
       Scimitar          |       |       |   245 |   759 ||  1004
       Kick              |       |       |    96 |   219 ||   315
Invok: Depart the Abyss  |     1 |       |       |     1 ||     2
       Bend Space        |       |       |       |     3 ||     3
       Enter the Abyss   |       |       |       |     1 ||     1
Evoke: Wand              |       |       |       |    18 ||    18
  Use: Scroll            |       |       |    10 |     5 ||    15
       Potion            |       |       |       |    12 ||    12
 Stab: Distracted        |       |     2 |       |     1 ||     3
       Sleeping          |       |     1 |       |       ||     1
  Eat: Chunk             |     1 |     7 |    17 |    20 ||    45
       Meat ration       |       |       |       |     2 ||     2
       Fruit             |       |       |       |     1 ||     1
Armor: Leather armour    |     2 |       |       |       ||     2
       Ring mail         |    27 |    65 |    69 |       ||   161
       Plate armour      |       |       |   101 |   194 ||   295
       Scale mail        |       |       |       |   343 ||   343
       Skin              |       |       |       |    15 ||    15
Dodge: Dodged            |    59 |   117 |   209 |   351 ||   736
Block: Buckler           |       |       |       |    65 ||    65
       Rpst.: Falchion   |    20 |    46 |    38 |       ||   104
       Scimitar          |       |       |    31 |    80 ||   111
